 Dungeon Crawl Stone Soup version 0.28.0 (webtiles) character file.

Game seed: 5139950795190125835

16646 Kaptain the Thaumaturge (level 12, -11/68 HPs)
             Began as a Deep Elf Earth Elementalist on Feb 7, 2022.
             Mangled by a komodo dragon (31 damage)
             ... on level 2 of the Lair of Beasts.
             The game lasted 00:33:29 (15122 turns).

Kaptain the Thaumaturge (DEEE)                     Turns: 15122, Time: 00:33:30

Health: -11/68     AC:  6    Str:  5    XL:     12   Next: 11%
Magic:  10/39      EV: 18    Int: 26    God:
Gold:   366        SH:  6    Dex: 15    Spells: 24/35 levels left

rFire   + . .      SeeInvis .   U - +3 rapier of Ignis's Righteous Fury {vamp, rElec}
rCold   + . .      Faith    .   Y - +2 buckler
rNeg    . . .      Spirit   .   k - +0 leather armour
rPois   .          Reflect  .   (no helmet)
rElec   +          Harm     .   R - scarf {rC+ rF+}
rCorr   .          Rampage  .   o - +0 pair of gloves
Will    +....                   T - +0 pair of boots
Stlth   ++++......              Q - amulet of regeneration
HPRegen 1.01/turn               E - ring of magical power
MPRegen 0.26/turn               z - +4 ring of evasion

@: about to teleport, marked, frozen, very slow
A: no striking features
a: no special abilities


You were on level 2 of the Lair of Beasts.
You visited 3 branches of the dungeon, and saw 14 of its levels.

You collected 733 gold pieces.
You spent 367 gold pieces at shops.

Inventory:

Hand Weapons
 g - the +3 long sword "Lunuered" {speed, rElec rN+++ MP-9 Str+5}
   (You bought it in a shop on level 10 of the Dungeon)

   Attacks with this weapon are significantly faster.
   Str:       It affects your strength (+5).
   rElec:     It insulates you from electricity.
   rN:        It renders you almost immune to negative energy.
   MP:        It affects your magic capacity (-9).
 j - a +2 short sword of protection
 D - a +2 hand axe of venom
 J - a +2 dagger of holy wrath
 K - a +2 dagger of venom
 U - the +3 rapier of Ignis's Righteous Fury (weapon) {vamp, rElec}
   (You bought it in a shop on level 10 of the Dungeon)

   It occasionally heals its wielder for a portion of the damage dealt when it
   wounds a living foe.
   rElec:     It insulates you from electricity.
Missiles
 c - 103 stones
 u - 38 poisoned darts
 S - 5 curare-tipped darts
Armour
 k - a +0 leather armour (worn)
 o - a +0 pair of gloves (worn)
 M - an orb of mayhem
 R - a scarf of resistance (worn)
 T - a +0 pair of boots (worn)
 Y - a +2 buckler (worn)
Jewellery
 a - an amulet of the acrobat
 q - a ring of flight
 v - a +4 ring of slaying
 z - a +4 ring of evasion (right hand)
 E - a ring of magical power (left hand)
 Q - an amulet of regeneration (around neck)
Wands
 F - a wand of iceblast (15)
 G - a wand of polymorph (10)
 N - a wand of mindburst (21)
 V - a wand of paralysis (5)
 W - a wand of digging (5)
Scrolls
 d - a scroll of silence {unknown}
 f - 8 scrolls of teleportation
 h - 6 scrolls of amnesia
 l - 2 scrolls of fog {unknown}
 m - a scroll of brand weapon {unknown}
 p - a scroll of summoning {unknown}
 r - a scroll of enchant armour {unknown}
 s - a scroll of holy word
 w - a scroll of fear {unknown}
 x - 4 scrolls of torment {unknown}
 y - a scroll of immolation {unknown}
 B - 2 scrolls of enchant weapon {unknown}
 H - a scroll of magic mapping {unknown}
 I - a scroll of blinking
Potions
 b - 2 potions of magic
 e - 3 potions of heal wounds
 i - a potion of resistance
 n - 3 potions of ambrosia
 t - 5 potions of curing
 A - 2 potions of invisibility
 C - 5 potions of brilliance
 L - 2 potions of haste
 O - 2 potions of attraction {unknown}
 P - 3 potions of lignification {unknown}
 X - a potion of flight {unknown}


   Skills:
 + Level 5.1 Fighting
 + Level 5.1 Armour
 + Level 8.0 Dodging
 + Level 8.8 Stealth
 + Level 1.1 Shields
 * Level 12.0 Spellcasting
 * Level 9.6 Conjurations
 - Level 1.1 Transmutations
 * Level 10.4 Earth Magic


You had 24 spell levels left.
You knew the following spells:

 Your Spells              Type           Power      Damage    Failure   Level
a - Sandblast             Erth           100%       2d20      1%          1
b - Stone Arrow           Conj/Erth      100%       3d13      1%          3
c - Petrify               Tmut/Erth      45%        N/A       8%          4
d - Mephitic Cloud        Conj/Pois/Air  32%        N/A       6%          3

Your spell library contained the following spells:

 Spells                   Type           Power      Damage    Failure   Level
 Magic Dart               Conj           100%       1d8       1%          1
 Passwall                 Tmut/Erth      37%        N/A       1%          2
 Apportation              Tloc           30%        N/A       8%          1
 Call Imp                 Summ           15%        N/A       12%         2
 Ignite Poison            Fire/Tmut/Pois 17%        N/A       21%         3
 Gell's Gravitas          Tloc           15%        N/A       24%         3
 Inner Flame              Hex/Fire       15%        N/A       24%         3
 Teleport Other           Tloc           15%        N/A       24%         3
 Freezing Cloud           Conj/Ice/Air   16%        6-21      52%         5
 Cause Fear               Hex            7%         N/A       61%         4
 Alistair's Intoxication  Tmut/Pois      12%        N/A       87%         5
 Dispersal                Tloc           7%         N/A       100%        6
 Discord                  Hex            7%         N/A       100%        8


Dungeon Overview and Level Annotations

Branches:
Dungeon (11/15)            Temple (1/1) D:4            Lair (2/6) D:11
  Swamp: Lair:2-4    Shoals: Lair:2-4     Snake: Lair:2-4    Spider: Lair:2-4
    Orc: D:9-12

Altars:
Ashenzari
Cheibriados
Dithmenos
Elyvilon
Fedhas
Gozag
Hepliaklqana
Kikubaaqudgha
Makhleb
Nemelex Xobeh
Okawaru
Qazlal
Ru
Sif Muna
Trog
Uskayaw
Vehumet
Wu Jian
Xom
Yredelemnul
Zin
The Shining One

Shops:
D:8 (   D:10 (?!!

Annotations:
D:4 3 runed translucent doors, mn3067's ghost, novice GrFi


Message History

Unknown command.
Casting: Stone Arrow (safe; 1% risk of failure)
Confirm with . or Enter, or press ? or * to list all spells.
Aiming: Stone Arrow (safe; 1% risk of failure)
Press: ? - help, Shift-Dir - straight line, f - rime drake
Aim: a rime drake (catching its breath, 72% to hit)
The stone arrow misses the rime drake.
Casting: Stone Arrow (safe; 1% risk of failure)
Confirm with . or Enter, or press ? or * to list all spells.
Aiming: Stone Arrow (safe; 1% risk of failure)
Press: ? - help, Shift-Dir - straight line, f/p - rime drake
Aim: a rime drake (catching its breath, 72% to hit)
The stone arrow hits the rime drake!
The rime drake is moderately wounded.
The rime drake closely misses you.
Casting: Stone Arrow (safe; 1% risk of failure)
Confirm with . or Enter, or press ? or * to list all spells.
Aiming: Sandblast (safe; 1% risk of failure)
Press: ? - help, Shift-Dir - straight line, f/p - rime drake
Aim: a rime drake (moderately wounded, 80% to hit)
The blast of sand hits the rime drake!
The rime drake is heavily wounded.
The ice encasing you melts away.
The rime drake bites you but does no damage.
Casting: Sandblast (safe; 1% risk of failure)
Confirm with . or Enter, or press ? or * to list all spells.
Aiming: Sandblast (safe; 1% risk of failure)
Press: ? - help, Shift-Dir - straight line, f/p - rime drake
Aim: a rime drake (heavily wounded, 80% to hit)
The blast of sand hits the rime drake!
The rime drake is almost dead.
The rime drake barely misses you. The komodo dragon closely misses you.
A blink frog comes into view.
The rime drake breathes ice at you. The flash freeze hits you!
You partially resist.
* * * LOW HITPOINT WARNING * * *
You are encased in ice.
As you read the scroll of teleportation, it crumbles to dust.
You feel strangely unstable. The komodo dragon bites you!!
You die...

#....#................
##....##...............
##.....##...............
#..................###..
#.......................
....................##..
P..................####.
#..$....................
#......@l....D..........
###.....k...........>...
#.....P..........##.##
#................P #
#................
#....##...... #....#
....F.. ....... .......
.. .... .....l.


You could see a seven-headed hydra, a komodo dragon, a blink frog and a rime
drake.

Vanquished Creatures
  3 hydras
  Sonja (D:11)
  Nergalle (Lair:1)
  Pikel (D:9)
  An ugly thing (D:11)
  A manticore (D:11)
  3 black mambas
  Joseph (D:7)
  2 kobold demonologists (D:11)
  4 komodo dragons
  2 trolls
  A polar bear (Lair:1)
  Grinder (D:5)
  A hornet (D:8)
  26 yaks
  Grum (D:11)
  4 water moccasins
  2 ice beasts
  5 orc warriors
  A sky beast (D:5)
  An ogre (D:6)
  2 hornet zombies
  A necrophage (D:7)
  4 centaurs
  2 lemures (D:9)
  8 wolves
  A phantom (D:5)
  4 kobold brigands
  6 bullfrogs
  2 scorpions (D:6)
  2 wyvern zombies
  2 gnoll sergeants
  10 killer bees
  A jelly (D:5)
  2 centaur zombies (D:6)
  2 orc priests
  A gnoll shaman (D:7)
  4 hounds
  2 iguanas (D:6)
  4 orc wizards
  2 killer bee zombies
  A howler monkey zombie (D:9)
  20 gnolls
  An adder (D:5)
  2 shadow imps
  2 ufetubi (D:4)
  2 adder skeletons (D:4)
  5 worms
  3 dart slugs
  28 orcs
  8 bats
  8 endoplasms
  A giant cockroach (D:3)
  4 hobgoblins
  5 jackals (D:1)
  3 quokkas
  6 ball pythons
  2 frilled lizards (D:2)
  6 goblins
  A jackal skeleton (D:4)
  38 kobolds
  2 rats (D:2)
273 creatures vanquished.

Vanquished Creatures (others)
  5 fungi
  10 plants
15 creatures vanquished.

Grand Total: 288 creatures vanquished

Notes
Turn   | Place    | Note
-------+----------+-------------------------------------------
     0 | D:1      | Kaptain the Deep Elf Earth Elementalist began the quest for
                  | the Orb.
     0 | D:1      | Reached XP level 1. HP: 10/10 MP: 6/6
   171 | D:1      | Found a faded altar of an unknown god.
   471 | D:1      | Reached XP level 2. HP: 15/15 MP: 6/8
  1395 | D:2      | Reached XP level 3. HP: 20/20 MP: 8/10
  1399 | D:2      | Learned a level 3 spell: Stone Arrow
  2406 | D:3      | Noticed a water moccasin
  2414 | D:3      | Killed a water moccasin
  2415 | D:3      | Reached skill level 1 in Fighting
  2415 | D:3      | Reached skill level 1 in Armour
  2415 | D:3      | Reached skill level 4 in Spellcasting
  2415 | D:3      | Reached skill level 1 in Conjurations
  2415 | D:3      | Reached XP level 4. HP: 19/25 MP: 2/12
  2415 | D:3      | Reached XP level 5. HP: 22/29 MP: 2/13
  2518 | D:3      | Found an ancient bone altar of Kikubaaqudgha.
  2519 | D:3      | Found a hide-covered altar of Uskayaw.
  3458 | D:4      | Found a staircase to the Ecumenical Temple.
  3468 | Temple   | Entered the Ecumenical Temple
  3592 | D:4      | Found a runed translucent gate.
  3592 | D:4      | Found a runed translucent gate.
  3593 | D:4      | Found a runed translucent gate.
  3595 | D:4      | Noticed mn3067's ghost (novice GrFi)
  3626 | D:4      | Noticed an ice beast
  3633 | D:4      | Killed an ice beast
  3634 | D:4      | Reached XP level 6. HP: 34/34 MP: 9/15
  3793 | D:4      | Reached skill level 5 in Spellcasting
  3847 | D:4      | Found a hazy altar of Hepliaklqana.
  4376 | D:5      | Entered Level 5 of the Dungeon
  4525 | D:5      | Reached skill level 5 in Earth Magic
  4525 | D:5      | Reached XP level 7. HP: 35/39 MP: 10/17
  4583 | D:5      | Noticed Grinder
  4595 | D:5      | Killed Grinder
  4763 | D:5      | Reached skill level 6 in Spellcasting
  5131 | D:5      | Reached XP level 8. HP: 44/44 MP: 12/19
  5618 | D:6      | Reached skill level 5 in Stealth
  6051 | D:6      | Reached skill level 7 in Spellcasting
  6260 | D:6      | Reached skill level 5 in Conjurations
  6714 | D:7      | Reached skill level 5 in Dodging
  7037 | D:7      | Reached XP level 9. HP: 49/49 MP: 10/22
  7322 | D:7      | Noticed Joseph
  7598 | D:7      | Learned a level 4 spell: Petrify
  7602 | D:7      | Learned a level 3 spell: Mephitic Cloud
  7765 | D:7      | Reached skill level 8 in Spellcasting
  8127 | D:7      | Killed Joseph
  8752 | D:8      | Found Xakk's Antique Weapon Shoppe.
  9441 | D:8      | Found a sacrificial altar of Ru.
  9674 | D:9      | Reached skill level 9 in Spellcasting
  9677 | D:9      | Reached XP level 10. HP: 37/56 MP: 19/25
 10732 | D:9      | Noticed Pikel
 10751 | D:9      | Killed Pikel
 10889 | D:9      | Found a broken altar of Ashenzari.
 11277 | D:9      | Found a stormy altar of Qazlal.
 11307 | D:10     | Entered Level 10 of the Dungeon
 11307 | D:10     | Found Plog's Distillery.
 11311 | D:10     | Found Jawuotuh's Magic Scroll Emporium.
 11312 | D:10     | Found Zacsoiro's Distillery.
 11313 | D:10     | Found Wedyal's Antique Weapon Emporium.
 11337 | D:10     | Bought a shimmering long sword for 178 gold pieces
 11337 | D:10     | Identified the +3 long sword "Lunuered" {speed, rElec rN+++
                  | MP-9 Str+5} (You bought it in a shop on level 10 of the
                  | Dungeon)
 11425 | D:10     | Reached skill level 10 in Spellcasting
 11988 | D:11     | Found a staircase to the Lair.
 12004 | D:11     | Noticed a white ugly thing
 12010 | D:11     | Killed a white ugly thing
 12278 | D:11     | Reached XP level 11. HP: 62/62 MP: 27/27
 12679 | D:11     | Noticed Sonja
 13149 | D:11     | Killed Sonja
 13292 | D:11     | Noticed Grum
 13309 | D:11     | Killed Grum
 13492 | D:11     | Reached skill level 11 in Spellcasting
 13822 | D:10     | Bought a twisted rapier for 189 gold pieces
 13822 | D:10     | Identified the +3 rapier of Ignis's Righteous Fury {vamp,
                  | rElec} (You bought it in a shop on level 10 of the Dungeon)
 13843 | Lair:1   | Entered Level 1 of the Lair of Beasts
 13884 | Lair:1   | Noticed a six-headed hydra
 13891 | Lair:1   | Killed a six-headed hydra
 13977 | Lair:1   | Noticed a five-headed hydra
 13983 | Lair:1   | Killed a five-headed hydra
 14056 | Lair:1   | Noticed Nergalle
 14102 | Lair:1   | Killed Nergalle
 14254 | Lair:1   | Reached skill level 10 in Earth Magic
 14740 | Lair:1   | Reached skill level 5 in Fighting
 14755 | Lair:2   | Noticed a seven-headed hydra
 14851 | Lair:2   | Reached skill level 5 in Armour
 14924 | Lair:2   | Reached XP level 12. HP: 68/68 MP: 16/29
 14971 | Lair:2   | Noticed a five-headed hydra
 14979 | Lair:2   | Killed a five-headed hydra
 14980 | Lair:2   | Reached skill level 12 in Spellcasting
 15064 | Lair:2   | Reached skill level 1 in Shields
 15122 | Lair:2   | Mangled by a komodo dragon

Illustrated notes

Levels and vault maps discovered:
D:1:      minmay_arrival_five_plusses, layout_loops_cross,
          hellmonk_ecumenical_altar_arch_garden, minmay_misc_feat_nine_boxes,
          patterned_corridor
D:2:      layout_loops_ring
D:3:      layout_basic, mainiacjoe_overflow_big_doors
D:4:      layout_basic, worldfamousw_hep_ancestral_shrine,
          minmay_temple_entry_trees, gammafunk_ghost_necromancy,
          corexii_corridor_pit
D:5:      layout_cave_pods, uniq_grinder
D:6:      layout_loops_ring
D:7:      layout_rooms, uniq_joseph
D:8:      layout_basic, nicolae_ru_path_of_blood, serial_shops,
          nicolae_stop_n_shop_2
D:9:      layout_loops_corners, mainiacjoe_overflow_small_starburst,
          mainiacjoe_overflow_alcove_2, uniq_pikel
D:10:     layout_rooms, minmay_shop_grid_forest
D:11:     layout_grid_maze, lair_entry_dummy, uniq_grum, uniq_sonja
Temple:   compressed_dpeg_circular_temple
Lair:1:   layout_roguey, infiniplex_staircase_pool_2, uniq_nergalle
Lair:2:   layout_gridlike, serial_bayou, serial_bayou_pond_a,
          serial_bayou_pond_c, serial_bayou_shore_a, serial_bayou_shore_b

Skill      XL: |  1  2  3  4  5  6  7  8  9 10 11 12 |
---------------+-------------------------------------+-----
Dodging        | 3 4 5 6 7 8 |  8.0
Fighting       | 1 2 3 4 5 |  5.1
Armour         | 1 2 3 4 5 |  5.1
Stealth        | 3 4 5 6 7 8 |  8.8
Spellcasting   | 4 5 6 7 9 10 11 12 | 12.0
Conjurations   | 1 2 3 4 5 6 8 9 |  9.6
Earth Magic    | 4 5 6 7 9 10 | 10.4
Shields        | 1 |  1.1
Transmutations | |  1.1

Action                   |  1- 3 |  4- 6 |  7- 9 | 10-12 || total
-------------------------+-------+-------+-------+-------++-------
Melee: Spear             |     1 |       |       |       ||     1
       Quarterstaff      |     7 |       |       |       ||     7
       Hand axe          |       |       |    14 |       ||    14
       Short sword       |       |       |     5 |     3 ||     8
       Punch             |       |       |     2 |       ||     2
       Rapier            |       |       |       |     2 ||     2
 Cast: Sandblast         |    65 |    59 |    98 |   127 ||   349
       Stone Arrow       |     1 |       |    75 |   127 ||   203
       Mephitic Cloud    |       |       |     2 |       ||     2
Evoke: Wand              |       |       |     1 |       ||     1
  Use: Scroll            |     5 |     1 |     1 |     7 ||    14
       Potion            |       |       |     1 |       ||     1
 Stab: Sleeping          |       |       |     1 |     1 ||     2
       Confused          |       |       |     3 |       ||     3
Armor: Robe              |     2 |       |       |       ||     2
       Leather armour    |     1 |     1 |     8 |    22 ||    32
Dodge: Dodged            |    27 |    10 |    89 |   115 ||   241
Block: Buckler           |       |       |       |     8 ||     8
